 Dungeon Crawl Stone Soup version 0.25-a0-972-g74ed164fb1 (webtiles) character file.

Game seed: 15283306521762908495, levelgen mode: deterministic

83587 Chiseanne the Fighter (level 15, -8/125 HPs)
             Began as a Demonspawn Wanderer on May 9, 2020.
             Was an Initiate of Gozag.
             Mangled by a tarantella (11 damage)
             ... on level 4 of the Lair of Beasts.
             The game lasted 01:28:21 (30723 turns).

Chiseanne the Fighter (Demonspawn Wanderer)        Turns: 30723, Time: 01:28:21

Health: -8/125     AC: 21    Str: 16    XL:     15   Next: 32%
Magic:  30/39      EV: 17    Int: 15    God:    Gozag
Gold:   592        SH:  0    Dex: 16    Spells: 27/37 levels left

rFire    + . .     SeeInvis .   d - +4 broad axe (elec)
rCold    + . .     Gourm    .   (no shield)
rNeg     + + .     Faith    .   c - +1 ring mail of Adiskeg {rC+ Stlth+}
rPois    +         Spirit   .   (helmet unavailable)
rElec    .         Reflect  .   u - +2 ratskin cloak {+Rats rPois rN+ Str-1 Int-1 Dex+1}
rCorr    .         Harm     .   F - +2 pair of gloves {archery}
MR       +....                  M - +2 pair of boots of Beogh's Hatred {rF+ rN+ Str+3}
Stlth    ++........             D - amulet of the acrobat
HPRegen  0.30/turn              v - ring of magical power
MPRegen  0.26/turn              R - ring of flight

@: gold aura
A: horns 3, slimy green scales 2, foul stench 1, spiny 2, rot immunity
a: Potion Petition, Call Merchant, Bribe Branch, Renounce Religion, Evoke
Ratskin, Evoke Flight


You were on level 4 of the Lair of Beasts.
You worshipped Gozag.
Gozag was pleased with you.
You were hungry.

You visited 5 branches of the dungeon, and saw 25 of its levels.

You collected 7359 gold pieces.
You spent 3088 gold pieces at shops.
You paid 3679 gold pieces to Gozag.

Inventory:

Hand Weapons
 a - a +3 halberd of venom
 d - a +4 broad axe of electrocution (weapon)
 j - the +8 mace of Gyoh {vorpal, rN+ SInv}
   (You bought it in a shop on level 4 of the Lair of Beasts)

   It inflicts extra damage upon your enemies.
   It protects you from negative energy.
   It lets you see invisible.
 k - the +8 rapier of Okawaru's Delight {drain, rElec rPois Int+3 Dex-3}
   (You found it on level 5 of the Dungeon)

   A truly terrible weapon, it drains the life of those it strikes.
   It affects your intelligence (+3).
   It affects your dexterity (-3).
   It insulates you from electricity.
   It protects you from poison.
 s - a +4 scimitar of flaming
Missiles
 b - 3 throwing nets {!*}
 e - 611 bolts
 A - 69 sling bullets
 O - 18 javelins (quivered)
 Y - a boomerang of dispersal
Armour
 c - the +1 ring mail of Adiskeg (worn) {rC+ Stlth+}
   (You found it on level 4 of the Dungeon)

   It protects you from cold.
   It makes you more stealthy.
 u - the +2 ratskin cloak (worn) {+Rats rPois rN+ Str-1 Int-1 Dex+1}
   (You found it on level 6 of the Lair of Beasts)

   It affects your strength (-1).
   It affects your intelligence (-1).
   It affects your dexterity (+1).
   It protects you from poison.
   It protects you from negative energy.
 F - a +2 pair of gloves of archery (worn)
 M - the +2 pair of boots of Beogh's Hatred (worn) {rF+ rN+ Str+3}
   (You found it on level 7 of the Dungeon)

   It affects your strength (+3).
   It protects you from fire.
   It protects you from negative energy.
 U - a +1 cloak of invisibility
Magical Staves
 q - an uncursed staff of energy
Jewellery
 v - a ring of magical power (left hand)
 D - an amulet of the acrobat (around neck)
 N - the ring of the Tick {+Fly rN++ MR+ MP+9 Dex-5}
   (You found it on level 4 of the Lair of Beasts)

   [ring of magical power]

   It affects your dexterity (-5).
   It greatly protects you from negative energy.
   It affects your resistance to hostile enchantments.
   It affects your magic capacity (+9).
   It lets you fly.
 R - a ring of flight (right hand)
Wands
 t - a wand of acid (1)
 G - a wand of paralysis (4)
 Q - a wand of flame (18)
 V - a wand of iceblast (17)
 X - a wand of polymorph (2)
Scrolls
 l - 2 scrolls of identify
 n - 3 scrolls of amnesia
 o - 6 scrolls of teleportation
 p - 10 scrolls of remove curse
 r - 2 scrolls of blinking
 y - 3 scrolls of fog
 E - 2 scrolls of immolation
 L - 3 scrolls of magic mapping
 S - 4 scrolls of fear
Potions
 h - 2 potions of magic
 i - 2 potions of resistance
 x - 3 potions of cancellation
 B - a potion of brilliance
 C - 7 potions of flight
 J - a potion of haste
Miscellaneous
 H - 2 phantom mirrors
Comestibles
 f - 21 rations


   Skills:
 - Level 13.8 Fighting
 - Level 2.0(2.2) Short Blades
 - Level 1.0(1.6) Long Blades
 * Level 1.5 Axes
   Level 1.0 Crossbows
 - Level 10.2 Armour
 * Level 9.9 Dodging
 - Level 1.0 Stealth
 * Level 11.5 Spellcasting
 - Level 9.5 Conjurations
 - Level 9.0 Translocations
 - Level 2.7 Air Magic
 - Level 1.0 Evocations


You had 27 spell levels left.
You knew the following spells:

 Your Spells              Type           Power        Failure   Level  Hunger
a - Iskenderun's Mystic   Conj/Tloc      #####...     3%          4    ###....
b - Blink                 Tloc           N/A          1%          2    None
c - Apportation           Tloc           #####.       1%          1    None
d - Mephitic Cloud        Conj/Pois/Air  ###.....     8%          3    None

Your spell library contained the following spells:

 Spells                   Type           Power        Failure   Level  Hunger
 Magic Dart               Conj           ####         1%          1    None
 Searing Ray              Conj           #####.       1%          2    None
 Conjure Flame            Conj/Fire      ###.....     6%          3    None
 Dazzling Flash           Conj/Hex       ###...       6%          3    None
 Stone Arrow              Conj/Erth      ###...       6%          3    None
 Corpse Rot               Necr/Air       N/A          12%         2    None
 Animate Skeleton         Necr           N/A          14%         1    None
 Beastly Appendage        Tmut           #.....       14%         1    None
 Corona                   Hex            #......      14%         1    None
 Sandblast                Erth           #.....       14%         1    None
 Summon Small Mammal      Summ           #...         14%         1    None
 Fulminant Prism          Conj/Hex       ###.......   21%         4    ###....
 Call Imp                 Summ           #.......     22%         2    None
 Passwall                 Tmut/Erth      #.......     22%         2    None
 Slow                     Hex            #.......     22%         2    None
 Sticks to Snakes         Tmut           #.......     22%         2    None
 Sublimation of Blood     Necr           #.........   22%         2    None
 Spider Form              Tmut/Pois      #.........   38%         3    None
 Bolt of Magma            Conj/Fire/Erth ###.......   71%         5    #####..
 Dispel Undead            Necr           #.......     80%         4    ###....
 Leda's Liquefaction      Hex/Erth       #.........   80%         4    ###....
 Petrify                  Tmut/Erth      #.......     80%         4    ###....
 Summon Ice Beast         Ice/Summ       #.......     80%         4    ###....
 Iron Shot                Conj/Erth      ###.......   97%         6    ######.
 Agony                    Necr           #.......     98%         5    #####..
 Excruciating Wounds      Chrm/Necr      #.........   98%         5    #####..
 Lee's Rapid Deconstruct  Erth           #.........   98%         5    #####..
 Statue Form              Tmut/Erth      #........    100%        6    ######.
 Shatter                  Erth           #.........   100%        9    #######


Dungeon Overview and Level Annotations

Branches:
Dungeon (15/15)            Temple (1/1) D:5            Lair (6/6) D:10
  Swamp (0/4) Lair:2       Spider (1/4) Lair:4        Slime (0/5) Lair:6
    Orc (2/2) D:12            Elf (0/3) Orc:2        Vaults (0/5) D:13
 Depths (0/5) D:15

Altars:
Ashenzari
Cheibriados
Dithmenos
Elyvilon
Fedhas
Gozag
Hepliaklqana
Kikubaaqudgha
Makhleb
Nemelex Xobeh
Okawaru
Qazlal
Ru
Sif Muna
Trog
Uskayaw
Vehumet
Wu Jian
Yredelemnul
Zin
The Shining One
Jiyva

Shops:
D:4 %   D:10 [   D:13 [   D:15 [   Orc:2 [*}*   Lair:4 (

Annotations:
D:11 3 runed translucent doors, Lalaori's ghost, journeyman GnMo; Sipn's ghost, journeyman HOFi; glosham's ghost, novice DEBe
D:15 1 runed translucent door, Chiseanne's ghost, journeyman DsWn
Lair:6 1 runed translucent door


Innate Abilities, Weirdness & Mutations

You have a pair of large horns on your head.
You are mostly covered in slimy green scales. (AC +3)
You may emit foul miasma when damaged in melee.
You are mostly covered in sharp spines.
You are immune to rotting.


Message History

The redback is struck by your spines. The redback bites you!
* * * LOW HITPOINT WARNING * * *
The jumping spider completely misses you.
The jumping spider misses you.
The tarantella bites the jumping spider!
The tarantella bites itself.
The tarantella bites you!
* * * LOW HITPOINT WARNING * * *
You emit a cloud of foul miasma!
You climb upwards.
Welcome back to the Lair of Beasts!
There is a hole to the Spider Nest, spattered with blood here.
You closely miss the redback.
The redback is almost dead.
You miss the tarantella. The redback is struck by your spines.
You kill the redback!
The tarantella is struck by your spines.
The tarantella bites you!
* * * LOW HITPOINT WARNING * * *
The tarantella bites you!
You die...
Your body crumbles into a pile of gold.

##......#..###.P.####.######.....
#.#...............##P.....##.....
........##...###.................
..........^#.#####...............
......##..###.#..##..............
P.....###^^#..^.^.#..#.###.#...##
#....##..^..#≈≈≈'##.(###P###....#
#....###^##.^≈≈s..#.......##....#
.....##..#..^.≈[@)#.##.........P#
.....##.^#...≈≈)∩##.#.....##...##
.....##^..#.#≈≈≈'##.##..........#
.....####.........#..#.....#...##
#....# #^.####^..##..#....##...##
#....###...#.#####..##.#.#.#...##
#...........##......#.#...#....#.
.................................
#.####.##.####..##.##.####.#.####


You could see a tarantella.

Vanquished Creatures
  Frances (D:14)
  A frost giant (D:15)
  3 emperor scorpions (Lair:4)
  An entropy weaver (Lair:4)
  Azrael (D:15)
  Snorg (Orc:2)
  A catoblepas (Lair:6)
  6 hydras
  5 death yaks (Lair:6)
  A centaur warrior (D:15)
  2 ogre magi
  9 two-headed ogres
  A deep troll shaman (Lair:6)
  Nergalle (D:10)
  An unseen horror (D:14)
  A deep elf archer (D:13)
  An orc knight (D:13)
  A lindwurm (Lair:6)
  2 orc sorcerers
  An ugly thing (D:11)
  4 wolf spiders
  A cyclops (D:13)
  A faun (Lair:1)
  4 deep elf magi
  2 orb spiders
  9 elephants (Lair:6)
  3 manticores
  2 black mambas
  A centaur zombie (D:14)
  3 spiny frogs
  4 centaur skeletons
  A torpor snail (Lair:2)
  5 yaktaurs
  4 kobold demonologists (D:15)
  7 komodo dragons
  2 ice devils (Lair:6)
  3 rime drakes
  A polar bear (Lair:6)
  11 jumping spiders
  A hornet (D:13)
  4 trolls
  13 hippogriffs
  6 slime creatures
  6 dream sheep
  5 blink frogs (Lair:4)
  A meliai zombie (D:13)
  Sigmund (D:4)
  25 redbacks
  A shadow (D:13)
  6 tarantellas
  A wraith (D:15)
  7 wyverns
  3 fire elementals (D:15)
  26 yaks
  2 basilisks (Lair:2)
  A hungry ghost (D:8)
  A warg (D:12)
  Edmund (D:6)
  A soldier ant (D:14)
  An acid dragon (D:14)
  4 hell hounds (D:15)
  Duvessa (D:4)
  9 water moccasins
  5 porcupines
  3 black bears
  35 orc warriors
  7 ice beasts
  3 sky beasts
  2 necrophages (D:11)
  2 phantoms
  15 ogres
  38 wolves
  16 centaurs
  8 crocodiles
  8 big kobolds
  11 bullfrogs
  A wyvern zombie (D:13)
  A wyvern skeleton (D:13)
  Dowan (D:4)
  2 scorpions
  20 killer bees
  8 wights
  A howler monkey (D:4)
  2 electric eels (Lair:2)
  5 crimson imps
  A hound (D:4)
  5 jellies
  9 orc priests
  2 bullfrog skeletons (D:13)
  3 iguanas (D:9)
  26 orc wizards
  10 worker ants
  2 hound zombies
  A hound skeleton (D:8)
  A worker ant zombie (D:11)
  A howler monkey zombie (D:9)
  11 gnolls
  21 adders
  3 shadow imps
  17 oozes
  An adder zombie (D:8)
  2 adder skeletons
  3 worms
  2 dart slugs
  2 leopard geckos
  108 orcs
  7 giant cockroaches
  6 goblins
  11 hobgoblins
  10 jackals
  7 quokkas
  9 ball pythons
  5 bats
  4 frilled lizards
  A jackal skeleton (D:7)
  14 kobolds
  A quokka skeleton (D:4)
  A quokka zombie (D:5)
  4 rats
  4 fungi
745 creatures vanquished.

Vanquished Creatures (others)
  A steam dragon (D:10)
  4 orc warriors (Orc:2)
  2 centaurs (Orc:2)
  2 orcs
  11 fungi
  5 plants (Lair:6)
25 creatures vanquished.

Grand Total: 770 creatures vanquished

Notes
Turn   | Place    | Note
-------+----------+-------------------------------------------
     0 | D:1      | Chiseanne the Demonspawn Wanderer began the quest for the
                  | Orb.
     0 | D:1      | Chiseanne set off with the following items: a +0 falchion,
                  | 3 throwing nets, a +0 leather armour, a +0 hand crossbow,
                  | 25 bolts, a ration
     0 | D:1      | Reached XP level 1. HP: 15/15 MP: 1/1
   116 | D:1      | Gained mutation: You are immune to rotting. [demonic
                  | ancestry]
   116 | D:1      | Reached XP level 2. HP: 21/21 MP: 2/2
   487 | D:1      | Reached XP level 3. HP: 6/27 MP: 3/3
  1061 | D:1      | Reached skill level 2 in Fighting
  1650 | D:2      | Gained mutation: You are partially covered in sharp spines.
                  | [demonic ancestry]
  1650 | D:2      | Reached XP level 4. HP: 31/34 MP: 4/4
  2220 | D:2      | Reached XP level 5. HP: 5/40 MP: 5/5
  2220 | D:2      | HP: 2/40 [poisoned by a gnoll]
  2234 | D:2      | Reached skill level 3 in Fighting
  3949 | D:3      | Found a hide-covered altar of Uskayaw.
  4133 | D:3      | Gained mutation: You are partially covered in slimy green
                  | scales. (AC +2) [demonic ancestry]
  4133 | D:3      | Reached XP level 6. HP: 43/47 MP: 6/6
  4240 | D:3      | You fall into a shaft and drop 2 floors!
  4240 | D:5      | Entered Level 5 of the Dungeon
  4434 | D:4      | Found Uwnos's Food Emporium.
  4823 | D:3      | Found a glowing golden altar of the Shining One.
  5005 | D:4      | Reached skill level 4 in Fighting
  5039 | D:4      | Gained mutation: You may emit foul miasma when damaged in
                  | melee. [demonic ancestry]
  5039 | D:4      | Reached XP level 7. HP: 11/54 MP: 7/7
  5252 | D:4      | Noticed Sigmund
  5260 | D:4      | Killed Sigmund
  5260 | D:4      | Reached skill level 5 in Armour
  5269 | D:4      | Got a polished ring mail
  5270 | D:4      | Identified the cursed +1 ring mail of Adiskeg {rC+ Stlth+}
                  | (You found it on level 4 of the Dungeon)
  5349 | D:4      | Noticed Dowan
  5351 | D:4      | Noticed Duvessa
  5363 | D:4      | Killed Duvessa
  5368 | D:4      | Killed Dowan
  5368 | D:4      | Reached skill level 5 in Fighting
  5526 | D:4      | Found a shadowy altar of Dithmenos.
  5569 | D:4      | Found an ornate altar of the Wu Jian Council.
  5885 | D:5      | Got an encrusted rapier
  5886 | D:5      | Identified the +8 rapier of Okawaru's Delight {drain, rElec
                  | rPois Int+3 Dex-3} (You found it on level 5 of the Dungeon)
  5924 | D:5      | Reached skill level 5 in Dodging
  5924 | D:5      | Reached XP level 8. HP: 62/62 MP: 8/8
  6004 | D:5      | Found a shimmering blue altar of Sif Muna.
  6157 | D:5      | Found a staircase to the Ecumenical Temple.
  6166 | Temple   | Entered the Ecumenical Temple
  6229 | Temple   | Became a worshipper of Gozag Ym Sagoz the Greedy
  6247 | D:5      | Chiseanne: just messing around, sont expect great gameplay
                  | ;-P
  6373 | D:6      | Found a shimmering blue altar of Sif Muna.
  6570 | D:6      | You fall into a shaft and drop 1 floor!
  6635 | D:7      | You fall into a shaft and drop 2 floors!
  6644 | D:9      | Reached skill level 6 in Fighting
  6976 | D:7      | Gained mutation: You are mostly covered in slimy green
                  | scales. (AC +3) [demonic ancestry]
  6976 | D:7      | Reached XP level 9. HP: 53/71 MP: 9/9
  7003 | D:7      | Reached skill level 7 in Fighting
  7180 | D:7      | Got a pair of shimmering boots
  7182 | D:7      | Identified the +2 pair of boots of Beogh's Hatred {rF+ rN+
                  | Str+3} (You found it on level 7 of the Dungeon)
  7329 | D:6      | Noticed Edmund
  7333 | D:6      | Killed Edmund
  7390 | D:7      | Found a glowing silver altar of Zin.
  7482 | D:7      | Found an ancient bone altar of Kikubaaqudgha.
  7644 | D:8      | Learned a level 2 spell: Blink
  7930 | D:8      | Found a sparkling altar of Nemelex Xobeh.
  7940 | D:8      | Reached skill level 1 in Spellcasting
  8561 | D:9      | Reached skill level 8 in Fighting
  8695 | D:9      | Found a shadowy altar of Dithmenos.
  8728 | D:9      | Noticed a two-headed ogre
  8733 | D:9      | Killed a two-headed ogre
  8733 | D:9      | Reached XP level 10. HP: 44/80 MP: 14/14
  9007 | D:9      | Noticed a two-headed ogre
  9020 | D:9      | Killed a two-headed ogre
  9329 | D:10     | Entered Level 10 of the Dungeon
  9342 | D:10     | Noticed Nergalle
  9562 | D:10     | Killed Nergalle
  9596 | D:10     | Bought a glowing cloak for 225 gold pieces
 10091 | D:10     | Reached skill level 9 in Fighting
 10278 | D:10     | Found a staircase to the Lair.
 10454 | D:10     | Noticed a two-headed hydra
 10461 | D:10     | Killed a one-headed hydra
 10461 | D:10     | Reached XP level 11. HP: 59/89 MP: 18/18
 10730 | D:11     | Reached skill level 5 in Spellcasting
 10735 | D:11     | Noticed a two-headed ogre
 10744 | D:11     | Killed a two-headed ogre
 10769 | D:11     | Found a runed translucent gate.
 10770 | D:11     | Malog: Just remember you nick 3-4 years ago
 10770 | D:11     | Found a runed translucent gate.
 10770 | D:11     | Found a runed translucent gate.
 10780 | D:11     | Chiseanne: you have a very good rememberance :D ty
 10794 | D:11     | Chiseanne: hopefully in a good way
 11032 | D:11     | Noticed glosham's ghost (novice DEBe)
 11032 | D:11     | Noticed Sipn's ghost (journeyman HOFi)
 11043 | D:11     | Noticed Lalaori's ghost (journeyman GnMo)
 11505 | D:11     | Noticed a green ugly thing
 11518 | D:11     | Killed a green ugly thing
 11518 | D:11     | Reached skill level 10 in Fighting
 11954 | D:12     | Found a staircase to the Orcish Mines.
 12734 | D:13     | Noticed an orc knight
 12757 | D:13     | Reached skill level 1 in Translocations
 12760 | D:13     | Killed an orc knight
 12773 | D:13     | Noticed a deep elf mage
 12773 | D:13     | Noticed a deep elf mage
 12776 | D:13     | Killed a deep elf mage
 12777 | D:13     | Killed a deep elf mage
 12782 | D:13     | Noticed a deep elf archer
 12803 | D:13     | Killed a deep elf archer
 13051 | D:13     | Reached skill level 10 in Armour
 13061 | D:13     | Noticed an ogre mage
 13086 | D:13     | Killed an ogre mage
 13263 | D:13     | Gained mutation: You have a pair of small horns on your
                  | head. [demonic ancestry]
 13263 | D:13     | Reached XP level 12. HP: 72/99 MP: 22/22
 13371 | D:13     | Noticed a two-headed ogre
 13384 | D:13     | Killed a two-headed ogre
 13603 | D:13     | Learned a level 3 spell: Mephitic Cloud
 13625 | D:13     | Found a gate to the Vaults.
 13853 | D:13     | Reached skill level 1 in Conjurations
 13915 | D:13     | Found a hazy altar of Hepliaklqana.
 14088 | D:13     | Reached skill level 11 in Fighting
 14346 | D:13     | Found Mysaisei's Armour Shop.
 14387 | D:13     | Bought a +0 pair of gloves of archery for 184 gold pieces
 15279 | D:14     | Reached skill level 5 in Translocations
 15994 | D:14     | HP: 2/100 [slime creature (17)]
 16581 | D:14     | Noticed Frances
 16593 | D:14     | Killed Frances
 16966 | D:14     | Noticed a four-headed hydra
 16974 | D:14     | Killed a one-headed hydra
 16974 | D:14     | Gained mutation: You are mostly covered in sharp spines.
                  | [demonic ancestry]
 16974 | D:14     | Reached XP level 13. HP: 105/107 MP: 25/25
 17041 | D:15     | Entered Level 15 of the Dungeon
 17223 | D:15     | Reached skill level 5 in Conjurations
 17589 | D:15     | Reached skill level 12 in Fighting
 17965 | D:15     | Noticed Azrael
 17981 | D:15     | Killed Azrael
 18008 | D:15     | HP: 2/108 [wraith (4)]
 18693 | D:15     | Found a runed translucent door.
 18699 | D:15     | Noticed Chiseanne's ghost (journeyman DsWn)
 18775 | D:15     | Found a staircase to the Depths.
 18775 | D:15     | Noticed a frost giant
 18800 | D:15     | Killed a frost giant
 19142 | D:15     | Noticed Nessos
 19147 | D:15     | Noticed Nessos
 19147 | D:15     | Nessos changed into Nessos the komodo dragon
 19151 | D:15     | Killed Nessos the komodo dragon
 19313 | Orc:1    | Entered Level 1 of the Orcish Mines
 19463 | Orc:2    | Entered Level 2 of the Orcish Mines
 19471 | Orc:2    | Noticed Snorg
 19489 | Orc:2    | Killed Snorg
 20106 | Orc:2    | Found a bloodstained altar of Trog.
 20538 | Orc:2    | Found a staircase to the Elven Halls.
 20652 | Orc:2    | Found Xonenunith's Gadget Boutique.
 20652 | Orc:2    | Found Seekhoje's General Store.
 20654 | Orc:2    | Found Duse's Antique Armour Emporium.
 20656 | Orc:2    | Found Mocuheec's General Store.
 20661 | Orc:2    | Bought a potion of resistance for 130 gold pieces
 20661 | Orc:2    | Bought the +1 hat of Rauwnug {rElec rN+ Int+9} for 599 gold
                  | pieces
 20673 | Orc:2    | Bought a potion of resistance for 130 gold pieces
 20673 | Orc:2    | Bought a scroll of teleportation for 39 gold pieces
 20673 | Orc:2    | Bought a potion of invisibility for 104 gold pieces
 20673 | Orc:2    | Bought a potion of flight for 39 gold pieces
 20868 | Orc:2    | Bought a smoking plate armour for 560 gold pieces
 20870 | Orc:2    | Identified the +1 plate armour "Eshuma" {Dex+4} (You bought
                  | it in a shop on level 2 of the Orcish Mines)
 20998 | Lair:1   | Entered Level 1 of the Lair of Beasts
 21051 | Lair:1   | Gained mutation: You have a pair of horns on your head.
                  | [demonic ancestry]
 21051 | Lair:1   | Reached XP level 14. HP: 48/116 MP: 27/27
 21350 | Lair:1   | Learned a level 1 spell: Apportation
 21355 | Lair:1   | Learned a level 4 spell: Iskenderun's Mystic Blast
 22827 | Lair:2   | Found a staircase to the Swamp.
 22903 | Lair:2   | Reached skill level 10 in Spellcasting
 23889 | Lair:3   | Reached skill level 13 in Fighting
 24617 | Lair:4   | Found a hole to the Spider Nest.
 24897 | Lair:4   | Got a coiled amber ring
 24898 | Lair:4   | Identified the ring of the Tick {+Fly rN++ MR+ MP+9 Dex-5}
                  | (You found it on level 4 of the Lair of Beasts)
 24985 | Lair:4   | Found a radiant altar of Vehumet.
 26428 | Lair:6   | Entered Level 6 of the Lair of Beasts
 26507 | Lair:6   | Found a runed translucent door.
 26507 | Lair:6   | Found a viscous altar of Jiyva.
 26507 | Lair:6   | Found a staircase to the Slime Pits.
 26507 | Lair:6   | Noticed an acid blob
 26507 | Lair:6   | Noticed an acid blob
 26507 | Lair:6   | Noticed an acid blob
 26841 | Lair:6   | Found the +2 ratskin cloak {+Rats rPois rN+ Str-1 Int-1
                  | Dex+1}
 26860 | Lair:6   | Identified the Almanac of the Escort and Changing
 27251 | Lair:6   | Reached skill level 1 in Air Magic
 28184 | Spider:1 | Entered Level 1 of the Spider Nest
 28184 | Spider:1 | Noticed an emperor scorpion
 28184 | Spider:1 | Noticed an emperor scorpion
 28198 | Lair:4   | Killed an emperor scorpion
 28557 | Lair:4   | Gained mutation: You have a pair of large horns on your
                  | head. [demonic ancestry]
 28557 | Lair:4   | Reached XP level 15. HP: 113/125 MP: 29/30
 28591 | Lair:4   | Bought the +8 mace of Gyoh {vorpal, rN+ SInv} for 1078 gold
                  | pieces
 29634 | Lair:4   | Malog: good luck :)
 29634 | Lair:4   | Chiseanne: ty
 30101 | Spider:1 | Reached skill level 1 in Short Blades
 30696 | Spider:1 | Reached skill level 1 in Axes
 30723 | Lair:4   | HP: 3/125 [tarantella (8)]
 30723 | Lair:4   | Mangled by a tarantella

Illustrated notes

Levels and vault maps discovered:
D:1:      heliophobic_arrival_glass_houses, layout_rooms
D:2:      layout_basic, minmay_snake_closets
D:3:      layout_basic, nicolae_overflow_crystal_walls, tso_altar
D:4:      layout_basic, lemuel_round_altar, serial_shops, shop,
          grunt_dithmenos_shadows, uniq_duvessa, uniq_sigmund
D:5:      layout_loops_ring, minmay_temple_entry_enclosed_plants, first_ration,
          led_sif_pool
D:6:      layout_basic, overflow_temple_1_default, brannock_xom_greatest_gift,
          uniq_edmund
D:7:      layout_rooms, lemuel_doored_altar, kennysheep_mini_moat
D:8:      layout_loops_ring, nemelex_xobeh_ov_fountains_minmay
D:9:      layout_roguey, kennysheep_little_box
D:10:     layout_cave_pools, grunt_lair_entry_orc_guard_hut, hangedman_ranch
          [blue_anna_fruit_fields], uniq_nergalle
D:11:     layout_loops_ring, gammafunk_ghost_cemetery
D:12:     layout_loops_ring, hiddenorc2_lemuel, chequers_serial_rivers_room_a
D:13:     layout_roguey, hangedman_vaults_entry_quadrant_bands, basic_altar,
          serial_shops, shop, hangedman_abyss_or_decor_stagger
D:14:     layout_long_grid, minmay_parallelograms, uniq_frances
D:15:     grunt_enter_depths_snipers, layout_loops_ring,
          ebering_ghost_reflecting_pool, uniq_nessos, uniq_azrael
Temple:   dshaligram_water_room_temple
Lair:1:   lemuel_slime, layout_chaotic_city, grunt_forest_large_clearings
Lair:2:   layout_cave_pods, swamp_mist, st_stairs_4, serial_bayou_shore_a,
          lemuel_fruit_tree
Lair:3:   layout_small_grid
Lair:4:   layout_regular_city, nicolae_spider_entry_orb_guardian, basic_altar
Lair:5:   layout_concentric_octagons
Lair:6:   grunt_lair_end_beastmaster, layout_long_grid, slime_altar_2,
          portal_ice_cave_demonic_guard, serial_bayou_pond_e,
          serial_bayou_lagoon_a, st_stairs_12, chequers_serial_rivers_small_b
Spider:1: layout_spider_delve, nicolae_crawler_farm
Orc:1:    layout_caves, serial_shops, shop, mines1_david, uniq_jorgrun
Orc:2:    st_orc_rangers, layout_caves, basic_altar, gauntlet_entry_generic,
          guppyfry_library_mini, uniq_snorg

Skill      XL: |  1  2  3  4  5  6  7  8  9 10 11 12 13 14 15 |
---------------+----------------------------------------------+-----
Dodging        | 2 3 4 5 6 7 8 9 |  9.9
Armour         | 3 4 5 6 8 9 10 | 10.2
Fighting       | 2 3 4 5 6 8 9 10 11 12 13 | 13.8
Spellcasting   | 2 4 6 8 9 11 | 11.5
Translocations | 2 5 7 9 |  9.0
Conjurations   | 4 7 9 |  9.5
Air Magic      | 2 |  2.7
Short Blades   | 2 |  2.0
Axes           | 1 |  1.5
Long Blades    | |  1.0
Crossbows      | |  1.0
Stealth        | |  1.0
Evocations     | |  1.0

Action                   |  1- 3 |  4- 6 |  7- 9 | 10-12 | 13-15 || total
-------------------------+-------+-------+-------+-------+-------++-------
Melee: Falchion          |    19 |    12 |       |       |       ||    31
       Halberd           |       |   114 |   178 |   471 |   411 ||  1174
       Hand crossbow     |       |     5 |       |       |       ||     5
       Hand axe          |       |       |       |     9 |       ||     9
       Rapier            |       |       |       |     7 |    40 ||    47
       Headbutt          |       |       |       |    50 |   161 ||   211
       Broad axe         |       |       |       |    17 |   116 ||   133
       Scimitar          |       |       |       |       |    19 ||    19
 Fire: Hand crossbow     |    45 |    29 |    46 |    50 |   127 ||   297
Throw: Throwing net      |       |       |     1 |       |     4 ||     5
       Boomerang         |       |       |     5 |     4 |     3 ||    12
       Javelin           |       |       |       |       |     7 ||     7
 Cast: Iskenderun's Myst |       |       |       |       |    61 ||    61
       Mephitic Cloud    |       |       |       |       |     9 ||     9
Invok: Call Merchant     |       |       |       |     1 |     2 ||     3
       Potion Petition   |       |       |       |       |     3 ||     3
Evoke: Wand              |       |       |     1 |    14 |    19 ||    34
  Use: Scroll            |       |    15 |     8 |    16 |    14 ||    53
       Potion            |       |     3 |     2 |     3 |    19 ||    27
 Stab: Sleeping          |       |     6 |     4 |     7 |    17 ||    34
       Distracted        |       |       |     1 |     4 |     4 ||     9
       Invisible         |       |       |       |       |    13 ||    13
       Held in net/web   |       |       |       |       |     1 ||     1
       Petrified         |       |       |       |       |     4 ||     4
       Confused          |       |       |       |       |     1 ||     1
  Eat: Chunk             |     2 |    11 |     3 |       |       ||    16
       Ration            |       |       |     4 |     8 |    12 ||    24
Armor: Leather armour    |     6 |    12 |       |       |       ||    18
       Ring mail         |       |    19 |    87 |   220 |   382 ||   708
Dodge: Dodged            |    27 |   101 |   156 |   550 |  1027 ||  1861
       Rpst.: Falchion   |     6 |     4 |       |       |       ||    10
       Scimitar          |       |       |       |       |     5 ||     5

Table legend:
 A = Non-vault XP
 B = Vault XP
 C = Vault XP percentage of total XP
 D = Non-vault monster count
 E = Vault monster count
 F = Vault count percentage of total count
                 A         B        C        D         E       F
            +---------+---------+-------+---------+---------+-------
      Total |   82005 |   37405 |  31.3 |     545 |     202 |  27.0
            +---------+---------+-------+---------+---------+-------
        D:1 |      72 |       0 |   0.0 |      16 |       0 |   0.0
        D:2 |     222 |      62 |  21.8 |      34 |      11 |  24.4
        D:3 |      95 |       0 |   0.0 |      25 |       0 |   0.0
        D:4 |     315 |     463 |  59.5 |      20 |       4 |  16.7
        D:5 |     265 |       0 |   0.0 |       7 |       0 |   0.0
        D:6 |      94 |     162 |  63.3 |       7 |       1 |  12.5
        D:7 |    1659 |       0 |   0.0 |      29 |       0 |   0.0
        D:8 |     542 |       0 |   0.0 |      12 |       0 |   0.0
        D:9 |    2987 |       0 |   0.0 |      28 |       0 |   0.0
       D:10 |    1115 |    3475 |  75.7 |      27 |      14 |  34.1
       D:11 |    4808 |       0 |   0.0 |      39 |       0 |   0.0
       D:12 |    1472 |     440 |  23.0 |      18 |      32 |  64.0
       D:13 |    5677 |    6350 |  52.8 |      36 |      17 |  32.1
       D:14 |    7051 |    2107 |  23.0 |      46 |       1 |   2.1
       D:15 |    9896 |    5035 |  33.7 |      29 |      12 |  29.3
     Lair:1 |    1475 |    3972 |  72.9 |       8 |      46 |  85.2
     Lair:2 |    3694 |    1274 |  25.6 |      16 |       2 |  11.1
     Lair:3 |    2129 |       0 |   0.0 |      12 |       0 |   0.0
     Lair:4 |   17594 |     535 |   3.0 |      47 |       1 |   2.1
     Lair:5 |    2275 |       0 |   0.0 |      11 |       0 |   0.0
     Lair:6 |    9222 |    8705 |  48.6 |      28 |      18 |  39.1
   Spider:1 |    7482 |       0 |   0.0 |      27 |       0 |   0.0
      Orc:1 |     282 |       0 |   0.0 |       9 |       0 |   0.0
      Orc:2 |    1582 |    4825 |  75.3 |      14 |      43 |  75.4
            +---------+---------+-------+---------+---------+-------
